 Dungeon Crawl Stone Soup version 0.25-a0-80-g9b55229ae5 (webtiles) character file.

Game seed: 6497916673521683393, levelgen mode: deterministic

259136 MordorOrchid the Blocker (level 19, -10/152 HPs)
             Began as a Gnoll Fighter on Nov 4, 2019.
             Was the Champion of Yredelemnul.
             Killed from afar by a crystal guardian (44 damage)
             ... with a crystal bolt
             ... in the Desolation of Salt on Nov 7, 2019.
             The game lasted 03:51:21 (22586 turns).

MordorOrchid the Blocker (Gnoll Fighter)           Turns: 22586, Time: 03:51:22

Health: -10/152    AC: 34    Str: 27    XL:     19   Next: 89%
Magic:  35/44      EV: 18    Int: 28    God:    Yredelemnul [******]
Gold:   1834       SH: 17    Dex: 20    Spells: 9/43 levels left

rFire    . . .     SeeInvis .   j - +5 hand crossbow of the Postmodern Stars {flame, rPois rC+ Int+6}
rCold    + + .     Gourm    .   c - +2 shield {reflect}
rNeg     . . .     Faith    .   T - +6 chain mail of Abaxteav {*Drain Str+9}
rPois    +         Spirit   .   n - +4 hat of Dim Light {rC+ rCorr MP+9 Dex-2}
rElec    .         Reflect  +   F - +1 cloak {+Inv}
rCorr    +         Harm     .   w - +2 pair of gloves {Dex+3}
MR       +....                  u - +2 pair of boots
Stlth    ++........             a - amulet of Linearity {+Rage Int+5}
HPRegen  0.35/turn              Z - ring of wizardry
MPRegen  0.29/turn              M - ring of poison resistance

@: slightly contaminated, lightly drained
A: distributed training, fangs 1, icy blue scales 1, agile 1, deterioration 1,
strong nose
}: 2/15 runes: serpentine, barnacled
a: Recall Undead Slaves, Injury Mirror, Animate Dead, Drain Life, Enslave Soul,
Renounce Religion, Evoke Berserk Rage, Evoke Invisibility


You were in the Desolation of Salt.
You worshipped Yredelemnul.
Yredelemnul was exalted by your worship.
You were hungry.

You visited 6 branches of the dungeon, and saw 31 of its levels.
You also visited: Bailey and Desolation.

You collected 3353 gold pieces.
You spent 1519 gold pieces at shops.

Inventory:

Hand Weapons
 j - the +5 hand crossbow of the Postmodern Stars (weapon) {flame, rPois rC+ Int+6}
   (You bought it in a shop on level 2 of the Orcish Mines)

   It causes projectiles fired from it to burn those they strike, causing extra
   injury to most foes and up to half again as much damage against particularly
   susceptible opponents.
   It affects your intelligence (+6).
   It protects you from cold.
   It protects you from poison.
 p - a +6 trident of freezing
 y - the +7 captain's cutlass {speed, disarm}
   (You took it off a merfolk aquamancer on level 4 of the Shoals)

   Attacks with this weapon are significantly faster.
Missiles
 b - 74 javelins
 s - 4 throwing nets
 x - 91 boomerangs
 D - 8 atropa-tipped darts
 R - 1194 bolts (quivered)
Armour
 c - a +2 shield of reflection (worn)
 n - the +4 hat of Dim Light (worn) {rC+ rCorr MP+9 Dex-2}
   (You found it on level 3 of the Shoals)

   It affects your dexterity (-2).
   It protects you from cold.
   It affects your magic capacity (+9).
   It provides partial protection from all sources of acid and corrosion.
 u - a +2 pair of boots (worn)
 w - a +2 pair of gloves of dexterity (worn)
 F - a +1 cloak of invisibility (worn)
 T - the +6 chain mail of Abaxteav (worn) {*Drain Str+9}
   (You took it off an orc on level 7 of the Dungeon)

   It affects your strength (+9).
   It causes draining when unequipped.
Jewellery
 a - the amulet of Linearity (around neck) {+Rage Int+5}
   (You found it on level 1 of the Shoals)

   [amulet of rage]

   It affects your intelligence (+5).
   It lets you go berserk.
 M - a ring of poison resistance (right hand)
 X - an uncursed ring of protection from fire
 Z - a ring of wizardry (left hand)
Wands
 e - a wand of iceblast (6)
 t - a wand of polymorph (6)
 H - a wand of acid (12)
 U - a wand of enslavement (4)
 W - a wand of paralysis (27)
Scrolls
 h - 5 scrolls of remove curse
 k - 15 scrolls of teleportation
 l - 7 scrolls of blinking
 q - 2 scrolls of identify
 C - a scroll of silence
 E - 4 scrolls of fear
 I - 9 scrolls of immolation
 S - 2 scrolls of fog
Potions
 d - a potion of resistance
 v - 7 potions of heal wounds
 K - 5 potions of ambrosia
 L - 3 potions of agility
 P - 4 potions of haste
 Q - 10 potions of curing
 V - 5 potions of magic
Miscellaneous
 g - a lamp of fire
 r - 2 boxes of beasts
 A - a lightning rod (4/4)
 O - 2 sacks of spiders
 Y - 2 phantom mirrors
Comestibles
 f - 43 rations
 i - a chunk of flesh


   Skills:
 + Level 14.1(13.8) Fighting
 + Level 12.9(12.5) Short Blades
 + Level 12.9(12.5) Long Blades
 + Level 12.9(12.5) Axes
 + Level 12.9(12.5) Maces & Flails
 + Level 13.5(13.2) Polearms
 + Level 12.9(12.5) Staves
 + Level 12.9(12.5) Slings
 + Level 12.9(12.5) Bows
 + Level 12.9(12.5) Crossbows
 + Level 12.9(12.5) Throwing
 + Level 14.1(13.8) Armour
 + Level 12.9(12.5) Dodging
 + Level 12.9(12.5) Stealth
 + Level 14.1(13.8) Shields
 + Level 12.9(12.5) Unarmed Combat
 + Level 12.9(12.5) Spellcasting
 + Level 11.0(10.7) Conjurations
 + Level 11.0(10.7) Hexes
 + Level 11.0(10.7) Charms
 + Level 11.0(10.7) Summonings
 + Level 11.0(10.7) Necromancy
 + Level 11.0(10.7) Translocations
 + Level 11.0(10.7) Transmutations
 + Level 11.0(10.7) Fire Magic
 + Level 11.0(10.7) Ice Magic
 + Level 11.0(10.7) Air Magic
 + Level 11.0(10.7) Earth Magic
 + Level 11.0(10.7) Poison Magic
 + Level 13.9(13.5) Invocations
 + Level 12.9(12.5) Evocations


You had 9 spell levels left.
You knew the following spells:

 Your Spells              Type           Power        Failure   Level  Hunger
a - Slow                  Hex            ######..     1%          2    None
c - Conjure Flame         Conj/Fire      ######..     1%          3    None
d - Petrify               Tmut/Erth      ######..     1%          4    None
g - Mephitic Cloud        Conj/Pois/Air  ######..     1%          3    None
p - Airstrike             Air            ######....   1%          4    None
v - Lee's Rapid Deconstr  Erth           ######....   1%          5    ##.....
w - Passwall              Tmut/Erth      ######..     1%          2    None
x - Blink                 Tloc           N/A          1%          2    None
E - Borgnjor's Vile Clut  Necr/Erth      ######....   1%          5    ##.....
J - Fulminant Prism       Conj/Hex       ######....   1%          4    None

Your spell library contained the following spells:

 Spells                   Type           Power        Failure   Level  Hunger
 Corona                   Hex            ######.      1%          1    None
 Magic Dart               Conj           ####         1%          1    None
 Sandblast                Erth           ######       1%          1    None
 Shock                    Conj/Air       ####         1%          1    None
 Call Imp                 Summ           ######..     1%          2    None
 Ensorcelled Hibernation  Hex/Ice        ######       1%          2    None
 Searing Ray              Conj           ######       1%          2    None
 Swiftness                Chrm/Air       ######..     1%          2    None
 Dazzling Spray           Conj/Hex       ######       1%          3    None
 Inner Flame              Hex/Fire       ######..     1%          3    None
 Portal Projectile        Hex/Tloc       ######       1%          3    None
 Static Discharge         Conj/Air       ######..     1%          3    None
 Stone Arrow              Conj/Erth      ######       1%          3    None
 Cause Fear               Hex            ######....   1%          4    None
 Force Lance              Conj/Tloc      ######..     1%          4    None
 Iskenderun's Mystic Bla  Conj           ######..     1%          4    None
 Leda's Liquefaction      Hex/Erth       ######....   1%          4    None
 Bolt of Magma            Conj/Fire/Erth ######....   1%          5    ##.....
 Iskenderun's Battlesphe  Conj/Chrm      ######..     1%          5    ##.....
 Lightning Bolt           Conj/Air       ######....   1%          5    ##.....
 Silence                  Hex/Air        ######....   1%          5    ##.....
 Venom Bolt               Conj/Pois      ######....   1%          5    ##.....
 Yara's Violent Unravell  Hex/Tmut       ######....   1%          5    ##.....
 Darkness                 Hex            ######....   11%         6    ####...
 Deflect Missiles         Chrm/Air       ######....   11%         6    ####...
 Iron Shot                Conj/Erth      ######....   11%         6    ####...
 Shadow Creatures         Summ           N/A          11%         6    ####...
 Orb of Destruction       Conj           ######....   45%         7    ######.
 Spellforged Servitor     Conj/Summ      ######....   45%         7    ######.
 Discord                  Hex            ######....   98%         8    #######


Dungeon Overview and Level Annotations

Branches:
Dungeon (13/15)            Temple (0/1) D:6            Lair (4/6) D:10
 Shoals (4/4) Lair:4        Snake (4/4) Lair:2          Orc (2/2) D:10
    Elf (0/3) Orc:2        Vaults (4/5) D:13          Crypt (0/3) Vaults:3
 Bailey (visited)         Desolation (1/1)

Altars:
Kikubaaqudgha
Qazlal
Uskayaw
Wu Jian
Yredelemnul
The Shining One

Shops:
D:10 }   Orc:1 ?   Orc:2 *([*=   Shoals:1 %   Shoals:3 =

Annotations:
D:9 exclusion: orange crystal statue
Snake:4 1 runed translucent door, Jabberih's ghost, adept HOMo


Innate Abilities, Weirdness & Mutations

Your experience applies equally to all skills.
You have very sharp teeth.
Your uncanny sense of smell can sniff out nearby items.
You are partially covered in icy blue scales. (AC +2)
You are agile. (Dex +2)
Your body sometimes deteriorates upon taking damage.


Message History

The crystal bolt burns your ragged hierophant zombie!
Something hits your imperial myrmidon zombie!!
Your imperial myrmidon zombie hits something but does no damage.
Something closely misses your imperial myrmidon zombie.
Something hits your imperial myrmidon zombie!!!
You are lightly contaminated with residual magic.
You flicker for a moment.
Your +6 trident of freezing stops glowing.
The +5 hand crossbow of the Postmodern Stars {flame, rPois rC+ Int+6} bursts into flame!
j - the +5 hand crossbow of the Postmodern Stars (weapon)
{flame, rPois rC+ Int+6} You swing at nothing.
You swing at nothing.
You swing at nothing.
You flicker back into view.
You swing at nothing.
You swing at nothing.
The crystal guardian fires a crystalline bolt at you.
The crystal bolt burns you!!!
You die...
Your body rises from the dead as a mindless zombie.

...............
.....#........§.§§.§
....#...............
....................
............................
.......∩...............8...8
............................
.......∩................p.§
............@..§§§§§§....S
............##.§§§.§§...§
............#..§§§.§§§§§§
.................§§§p§§§
................§§§.§§§§.§
...............§§§§§§§§.§§
..##.......8..§§§§§§§§§.§.
.............§§.§§§§§§§.§
.............§.§...§§§§ §


You could see a crystal guardian.

Vanquished Creatures
  Bai Suzhen (Vaults:3)
  Saint Roka (Vaults:2)
  Xtahua (Vaults:3)
  A titan (Vaults:3)
  A storm dragon (Vaults:3)
  6 nagarajas
  Donald (Snake:4)
  2 frost giants (Vaults:4)
  An imperial myrmidon (Desolation)
  Aizul (Snake:4)
  6 vault wardens
  9 ironheart preservers
  2 stone giants
  An entropy weaver (Vaults:4)
  The ghost of Henefiag the Fighter, a journeyman CeFi of Makhleb (Shoals:1)
  An ettin (Vaults:4)
  3 merfolk impalers
  2 deep elf death magi (Vaults:3)
  2 ragged hierophants (Desolation)
  3 merfolk javelineers (Shoals:4)
  A fire dragon (Vaults:1)
  7 vault guards
  4 yaktaur captains
  2 ice dragons
  10 naga warriors
  A peacekeeper (Desolation)
  A hydra (Lair:4)
  An alligator snapping turtle (Shoals:4)
  A centaur warrior (Vaults:2)
  2 satyrs
  2 merfolk aquamancers
  4 anacondas
  13 two-headed ogres
  A deep troll shaman (Vaults:1)
  5 death yaks (Lair:2)
  7 ogre magi
  4 shock serpents
  Nergalle (Lair:3)
  4 deep elf knights
  9 naga sharpshooters
  A skeletal warrior (Lair:2)
  A fire crab (shapeshifter) (Vaults:1)
  A shadow wraith (Vaults:4)
  7 sea snakes
  A salamander mystic (Snake:3)
  5 naga ritualists
  5 deep elf archers
  An unseen horror (D:13)
  A flayed ghost (Vaults:2)
  A deep troll (Vaults:1)
  A wizard (Vaults:2)
  2 glowing orange brains
  9 orc knights
  9 ironbrand convokers
  10 ugly things
  2 orc sorcerers (Orc:2)
  8 harpies
  A salamander (shapeshifter) (Vaults:2)
  6 mana vipers
  11 deep elf magi
  5 cyclopes
  A necromancer (D:11)
  6 manticores
  2 fauns (Shoals:2)
  2 wolf spiders (Vaults:2)
  2 centaur zombies (Vaults:2)
  6 guardian serpents
  4 salamanders
  9 naga magi
  5 water nymphs
  A spiny frog (Lair:1)
  Joseph (D:8)
  8 vault sentinels
  17 black mambas
  A gargoyle (D:11)
  7 merfolk sirens
  Psyche (D:8)
  2 kobold demonologists
  19 yaktaurs
  A freezing wraith (Vaults:3)
  3 komodo dragons
  A polar bear (Lair:2)
  A yaktaur skeleton (Vaults:3)
  2 trolls
  Grinder (D:4)
  2 human skeletons (Vaults:3)
  14 merfolk
  4 wind drakes
  A sphinx simulacrum (Vaults:1)
  A hornet (shapeshifter) (Vaults:1)
  10 saltlings (Desolation)
  2 dream sheep (Shoals:4)
  A hornet (D:11)
  9 slime creatures
  9 hippogriffs
  2 blink frogs (Lair:2)
  A blink frog (shapeshifter) (D:13)
  9 snapping turtles
  A wyvern (D:11)
  2 redbacks (Vaults:4)
  5 water elementals
  14 yaks
  A wraith (Shoals:4)
  A human (D:7)
  Eustachio (D:4)
  4 hogs (D:7)
  9 vampire mosquitoes
  A basilisk (Lair:2)
  A warg (Vaults:2)
  36 nagas
  An acid dragon (D:13)
  A spiny frog zombie (Lair:2)
  A water nymph zombie (Shoals:4)
  4 porcupines
  3 water moccasins
  A dream sheep zombie (Shoals:4)
  12 orc warriors
  A sky beast (D:8)
  A phantom (D:11)
  An elf zombie (Vaults:3)
  3 ice beasts
  A manticore zombie (Shoals:4)
  A slave (D:5)
  2 black bears
  3 necrophages
  13 ogres
  5 wolves
  11 centaurs
  3 crocodiles
  3 big kobolds
  A gnoll sergeant (D:5)
  A yaktaur zombie (Vaults:3)
  A water moccasin zombie (Lair:2)
  4 bullfrogs
  A troll zombie (Vaults:2)
  3 scorpions
  12 killer bees
  4 wights (D:9)
  4 howler monkeys
  2 crimson imps
  A quasit (D:9)
  3 jellies
  16 orc priests
  Crazy Yiuf (D:4)
  A bullfrog skeleton (D:12)
  6 hounds
  4 centaur skeletons
  An iguana (D:6)
  14 orc wizards
  2 polar bear simulacra (D:11)
  11 worker ants
  2 wolf simulacra (D:11)
  5 yak simulacra (D:11)
  A killer bee zombie (D:6)
  2 naga zombies
  2 hound zombies
  A worker ant zombie (D:10)
  20 gnolls
  12 adders
  5 shadow imps
  2 oozes
  2 adder skeletons
  A worm (D:4)
  4 dart slugs
  5 leopard geckos
  95 orcs
  3 ball pythons
  3 giant cockroaches
  7 goblins
  10 hobgoblins
  11 jackals
  10 kobolds
  7 quokkas
  4 bats
  5 frilled lizards
  An orc zombie (Bailey)
  A quokka skeleton (D:6)
  A quokka zombie (D:7)
  5 rats
  2 river rat simulacra (D:11)
  2 plants (Snake:4)
853 creatures vanquished.

Vanquished Creatures (collateral kills)
  Nikola (Vaults:2)
  A titan (Vaults:3)
  A tengu reaver (Vaults:3)
  5 nagarajas
  An orc warlord (Orc:2)
  A deep elf sorcerer (Vaults:4)
  3 vault wardens
  A stone giant (Shoals:4)
  7 ironheart preservers
  A deep elf annihilator (Vaults:3)
  2 deep elf death magi (Vaults:3)
  2 crystal guardians (Vaults:2)
  A fire dragon (Vaults:3)
  8 merfolk javelineers
  2 merfolk impalers (Shoals:1)
  A yaktaur captain (Vaults:3)
  A rakshasa (Vaults:3)
  An ice dragon (Vaults:4)
  A servant of whispers (Vaults:4)
  5 naga sharpshooters (Snake:4)
  A vault guard (Vaults:3)
  3 naga warriors (Snake:4)
  A hydra (shapeshifter) (Vaults:3)
  A peacekeeper (Vaults:4)
  A centaur warrior (Vaults:3)
  4 two-headed ogres
  4 merfolk aquamancers (Shoals:4)
  An ogre mage (Vaults:4)
  4 anacondas
  4 orc high priests (Orc:2)
  A deep troll earth mage (Vaults:1)
  Urug (Lair:1)
  2 deep elf knights
  A salamander mystic (Snake:4)
  An unseen horror (Vaults:1)
  6 sea snakes
  A deep troll (Vaults:1)
  5 deep elf archers
  A phantasmal warrior (Vaults:4)
  3 ironbrand convokers
  4 naga ritualists (Snake:4)
  A necromancer (Vaults:3)
  A wizard (Vaults:3)
  Pikel (D:5)
  5 harpies
  3 deep elf magi
  A mana viper (Snake:4)
  6 orc knights
  2 orc sorcerers (Orc:2)
  6 manticores
  A wolf spider (Vaults:4)
  3 fauns (Shoals:3)
  5 ugly things
  2 cyclopes
  3 merfolk sirens
  2 salamanders
  A tengu skeleton (Vaults:3)
  11 black mambas
  2 water nymphs
  8 vault sentinels
  A spiny frog (shapeshifter) (Vaults:1)
  4 naga magi
  7 guardian serpents
  5 spiny frogs
  16 yaktaurs
  A kobold demonologist (D:11)
  3 freezing wraiths
  A komodo dragon (Lair:2)
  12 merfolk
  3 trolls
  A queen bee (shapeshifter) (Vaults:1)
  2 wind drakes (Shoals:4)
  A polar bear (Lair:2)
  A sphinx simulacrum (Vaults:1)
  2 hornets
  A blink frog (Lair:2)
  4 snapping turtles
  A saltling (Vaults:4)
  9 slime creatures
  4 hippogriffs
  A redback (Vaults:4)
  4 water elementals
  A human (shapeshifter) (Vaults:2)
  12 yaks
  A basilisk (Lair:1)
  A vampire mosquito (D:13)
  A steam dragon (D:8)
  6 wargs
  A hungry ghost (D:10)
  19 nagas
  An acid dragon (Vaults:1)
  A soldier ant (shapeshifter) (Vaults:2)
  4 water moccasins
  An ice beast (D:6)
  A porcupine (Lair:2)
  24 orc warriors
  2 phantoms
  9 ogres
  4 centaurs
  3 wolves
  A crocodile (Lair:2)
  A big kobold (D:8)
  A gnoll sergeant (D:7)
  2 bullfrogs
  A scorpion (D:5)
  3 human simulacra (Vaults:3)
  2 killer bees (D:8)
  A crimson imp (D:7)
  A quasit (D:12)
  A centaur zombie (D:8)
  4 hounds
  17 orc priests
  17 orc wizards
  2 iguanas
  A worker ant zombie (D:7)
  A gnoll (D:7)
  2 shadow imps
  A worm (D:5)
  A leopard gecko (D:5)
  46 orcs
  6 kobolds
  A quokka (D:8)
  6 fungi
  28 plants
483 creatures vanquished.

Vanquished Creatures (others)
  3 bone dragons
  A ghoul (Snake:4)
  A vampire knight (Vaults:3)
  A halazid warlock (Desolation)
  A merfolk javelineer (Shoals:4)
  A ragged hierophant (Desolation)
  A yaktaur captain (Vaults:1)
  2 shock serpents (Snake:4)
  An anaconda (Snake:4)
  5 guardian serpent zombies (Snake:4)
  A centaur warrior (D:13)
  A titan zombie (Vaults:3)
  4 skeletal warriors
  4 flayed ghosts
  5 phantasmal warriors
  A harpy (Shoals:4)
  4 ugly thing zombies
  An anaconda skeleton (Snake:2)
  An ironbrand convoker (Desolation)
  A guardian serpent (Desolation)
  A black mamba (Snake:4)
  3 sea snake zombies
  2 yaktaurs
  2 harpy zombies (Shoals:2)
  4 human skeletons
  A merfolk (Shoals:4)
  2 saltlings (Desolation)
  2 merfolk skeletons
  A snapping turtle (Shoals:4)
  7 black mamba zombies
  9 flying skulls
  A water elemental (Shoals:4)
  3 vampires
  A wind drake zombie (Shoals:4)
  2 wraiths
  A deep troll zombie (Vaults:1)
  A faun zombie (Shoals:2)
  6 two-headed ogre zombies
  36 naga zombies
  A naga (Snake:4)
  2 ogre skeletons
  A snapping turtle zombie (Shoals:4)
  A hornet zombie (Vaults:4)
  2 manticore zombies
  A blink frog zombie (Lair:2)
  An elf zombie (Vaults:4)
  6 merfolk zombies
  2 centaurs
  An ogre (Vaults:1)
  A hog zombie (D:7)
  A snapping turtle skeleton (Shoals:1)
  4 orc skeletons
  A vampire mosquito zombie (D:12)
  3 yaktaur zombies
  A hippogriff zombie (Shoals:2)
  2 cyclops zombies
  2 salamander skeletons (Snake:4)
  A warg zombie (Orc:2)
  A yaktaur skeleton (Vaults:1)
  2 yak zombies (Lair:1)
  An electric eel (Lair:2)
  2 wights (Orc:2)
  8 naga skeletons (Snake:4)
  3 wolf zombies (Lair:1)
  2 centaur zombies
  6 human zombies
  2 bullfrog zombies
  2 porcupine zombies
  6 killer bee zombies
  A big kobold zombie (D:8)
  9 ogre zombies
  A sky beast zombie (D:8)
  A necrophage skeleton (D:9)
  A hound zombie (D:7)
  2 hound skeletons
  A mummy (D:8)
  A worker ant zombie (D:6)
  A steam dragon zombie (D:8)
  An iguana zombie (D:6)
  3 gnoll zombies
  5 kobold zombies (D:8)
  A leopard gecko skeleton (D:8)
  37 orc zombies
  13 fulminant prisms
  2 fungi (Lair:1)
  9 plants
283 creatures vanquished.

Grand Total: 1619 creatures vanquished

Notes
Turn   | Place    | Note
-------+----------+-------------------------------------------
     0 | D:1      | MordorOrchid the Gnoll Fighter began the quest for the Orb.
     0 | D:1      | Reached XP level 1. HP: 23/23 MP: 1/1
   108 | D:1      | Reached XP level 2. HP: 29/29 MP: 2/2
   303 | D:1      | Reached XP level 3. HP: 35/35 MP: 3/3
   539 | D:2      | Reached skill level 1 in Invocations
   663 | D:2      | Found a basalt altar of Yredelemnul.
   745 | D:2      | Reached skill level 1 in Short Blades
   745 | D:2      | Reached skill level 1 in Long Blades
   745 | D:2      | Reached skill level 1 in Axes
   745 | D:2      | Reached skill level 1 in Maces & Flails
   745 | D:2      | Reached skill level 1 in Staves
   745 | D:2      | Reached skill level 1 in Slings
   745 | D:2      | Reached skill level 1 in Bows
   745 | D:2      | Reached skill level 1 in Crossbows
   745 | D:2      | Reached skill level 1 in Throwing
   745 | D:2      | Reached skill level 1 in Dodging
   745 | D:2      | Reached skill level 1 in Stealth
   745 | D:2      | Reached skill level 1 in Unarmed Combat
   745 | D:2      | Reached skill level 1 in Spellcasting
   745 | D:2      | Reached skill level 1 in Evocations
   795 | D:2      | Reached XP level 4. HP: 41/41 MP: 5/5
   976 | D:3      | Reached skill level 1 in Conjurations
   976 | D:3      | Reached skill level 1 in Hexes
   976 | D:3      | Reached skill level 1 in Charms
   976 | D:3      | Reached skill level 1 in Summonings
   976 | D:3      | Reached skill level 1 in Necromancy
   976 | D:3      | Reached skill level 1 in Translocations
   976 | D:3      | Reached skill level 1 in Transmutations
   976 | D:3      | Reached skill level 1 in Fire Magic
   976 | D:3      | Reached skill level 1 in Ice Magic
   976 | D:3      | Reached skill level 1 in Air Magic
   976 | D:3      | Reached skill level 1 in Earth Magic
   976 | D:3      | Reached skill level 1 in Poison Magic
  1070 | D:2      | Became a worshipper of Yredelemnul the Dark
  1095 | D:3      | Reached XP level 5. HP: 44/47 MP: 6/6
  1295 | D:3      | Found a glowing golden altar of the Shining One.
  1437 | D:4      | Noticed Grinder
  1442 | D:4      | Paralysed by Grinder for 3 turns
  1463 | D:4      | Killed Grinder
  1463 | D:4      | Reached * piety under Yredelemnul
  1463 | D:4      | Reached skill level 5 in Polearms
  1463 | D:4      | Reached XP level 6. HP: 45/53 MP: 7/9
  1517 | D:4      | Noticed Eustachio
  1537 | D:3      | Reached XP level 7. HP: 18/59 MP: 10/10
  1828 | D:4      | Found a runed translucent door.
  1829 | D:4      | Noticed Crazy Yiuf
  1864 | D:4      | Killed Crazy Yiuf
  2203 | D:4      | Killed Eustachio
  2203 | D:4      | Reached XP level 8. HP: 43/67 MP: 12/12
  2259 | D:5      | Entered Level 5 of the Dungeon
  2374 | D:5      | Reached ** piety under Yredelemnul
  2434 | D:5      | Learned a level 2 spell: Blink
  2438 | D:5      | Learned a level 3 spell: Mephitic Cloud
  2477 | D:5      | Found a glowing golden altar of the Shining One.
  2508 | D:5      | Gained mutation: You are partially covered in icy blue
                  | scales. (AC +2) [potion of mutation]
  2508 | D:5      | Gained mutation: Your body sometimes deteriorates upon
                  | taking damage. [potion of mutation]
  2508 | D:5      | Gained mutation: You are agile. (Dex +2) [potion of
                  | mutation]
  2587 | D:4      | Noticed Pikel
  2602 | D:5      | Killed Pikel
  2710 | D:6      | Found a transporter.
  2721 | D:6      | Noticed a kobold demonologist
  2733 | D:6      | Killed a kobold demonologist
  2733 | D:6      | Reached XP level 9. HP: 73/73 MP: 10/14
  2753 | D:6      | Found a transporter.
  2864 | D:6      | Reached *** piety under Yredelemnul
  2982 | D:6      | Found a staircase to the Ecumenical Temple.
  3182 | D:7      | Reached skill level 5 in Invocations
  3280 | D:7      | Reached XP level 10. HP: 58/80 MP: 17/17
  3505 | D:7      | Identified the +6 chain mail of Abaxteav {*Drain Str+9}
  3525 | D:7      | Received a gift from Yredelemnul (4 flying skulls)
  3711 | D:7      | Reached skill level 5 in Short Blades
  3711 | D:7      | Reached skill level 5 in Long Blades
  3711 | D:7      | Reached skill level 5 in Axes
  3711 | D:7      | Reached skill level 5 in Maces & Flails
  3711 | D:7      | Reached skill level 5 in Staves
  3711 | D:7      | Reached skill level 5 in Slings
  3711 | D:7      | Reached skill level 5 in Bows
  3711 | D:7      | Reached skill level 5 in Crossbows
  3711 | D:7      | Reached skill level 5 in Throwing
  3711 | D:7      | Reached skill level 5 in Dodging
  3711 | D:7      | Reached skill level 5 in Stealth
  3711 | D:7      | Reached skill level 5 in Unarmed Combat
  3711 | D:7      | Reached skill level 5 in Spellcasting
  3711 | D:7      | Reached skill level 5 in Evocations
  3785 | D:8      | Reached **** piety under Yredelemnul
  3885 | D:8      | Found a stormy altar of Qazlal.
  3896 | D:8      | Received a gift from Yredelemnul (a mummy)
  4023 | D:8      | Noticed Psyche
  4026 | D:8      | Killed Psyche
  4029 | D:8      | Found a hide-covered altar of Uskayaw.
  4030 | D:8      | Noticed a +0 hand axe
  4031 | D:8      | Noticed a +0 dagger
  4156 | D:8      | Noticed Joseph
  4194 | D:8      | Killed Joseph
  4196 | D:8      | Received a gift from Yredelemnul (a wraith)
  4223 | D:8      | Noticed Erica
  4226 | D:8      | Noticed Erica
  4237 | D:8      | Killed Erica the hippogriff
  4522 | D:9      | Received a gift from Yredelemnul (a wight)
  4810 | D:9      | Received a gift from Yredelemnul (a vampire)
  4826 | D:9      | Noticed an orange crystal statue
  4974 | D:10     | Entered Level 10 of the Dungeon
  5183 | D:10     | Reached XP level 11. HP: 77/86 MP: 19/19
  5324 | D:10     | Received a gift from Yredelemnul (5 flying skulls)
  5331 | D:10     | Found a staircase to the Orcish Mines.
  5340 | Orc:1    | Entered Level 1 of the Orcish Mines
  5391 | Orc:1    | Noticed a cyclops
  5398 | Orc:1    | Killed a cyclops
  5439 | Orc:2    | Entered Level 2 of the Orcish Mines
  5462 | Orc:2    | Reached ***** piety under Yredelemnul
  5486 | Orc:2    | Noticed a two-headed ogre
  5493 | Orc:2    | Killed a two-headed ogre
  5533 | Orc:2    | Received a gift from Yredelemnul (a wight)
  5536 | Orc:2    | Reached skill level 5 in Conjurations
  5536 | Orc:2    | Reached skill level 5 in Hexes
  5536 | Orc:2    | Reached skill level 5 in Charms
  5536 | Orc:2    | Reached skill level 5 in Summonings
  5536 | Orc:2    | Reached skill level 5 in Necromancy
  5536 | Orc:2    | Reached skill level 5 in Translocations
  5536 | Orc:2    | Reached skill level 5 in Transmutations
  5536 | Orc:2    | Reached skill level 5 in Fire Magic
  5536 | Orc:2    | Reached skill level 5 in Ice Magic
  5536 | Orc:2    | Reached skill level 5 in Air Magic
  5536 | Orc:2    | Reached skill level 5 in Earth Magic
  5536 | Orc:2    | Reached skill level 5 in Poison Magic
  5578 | Orc:2    | Noticed an orc sorcerer
  5587 | Orc:2    | Killed an orc sorcerer
  5587 | Orc:2    | Noticed an orc knight
  5603 | Orc:2    | Killed an orc knight
  5646 | Orc:2    | Found a staircase to the Elven Halls.
  5700 | Orc:2    | Found Ykhleg's General Store.
  5704 | Orc:2    | Bought a potion of heal wounds for 85 gold pieces
  5836 | Orc:1    | Found Keutsaq's Magic Scroll Emporium.
  5865 | Orc:1    | Received a gift from Yredelemnul (a vampire)
  5882 | Orc:1    | Bought a scroll of teleportation for 39 gold pieces
  5882 | Orc:1    | Bought a scroll of fog for 26 gold pieces
  5882 | Orc:1    | Bought a scroll of enchant weapon for 97 gold pieces
  5882 | Orc:1    | Bought a scroll of enchant weapon for 97 gold pieces
  5987 | Orc:1    | Bought a scroll of identify for 26 gold pieces
  5987 | Orc:1    | Bought a scroll of brand weapon for 260 gold pieces
  5987 | Orc:1    | Bought a scroll of identify for 26 gold pieces
  6141 | Orc:2    | Noticed an orc high priest
  6150 | Orc:2    | Killed an orc high priest
  6153 | Orc:2    | Killed an orc sorcerer
  6170 | Orc:2    | Noticed an orc knight
  6195 | Orc:2    | Killed an orc knight
  6197 | Orc:2    | Noticed an orc warlord
  6215 | Orc:2    | Noticed an orc sorcerer
  6219 | Orc:2    | Killed an orc warlord
  6225 | Orc:2    | Killed an orc sorcerer
  6247 | Orc:2    | Noticed an orc knight
  6264 | Orc:2    | Killed an orc knight
  6279 | Orc:2    | Received a gift from Yredelemnul (a skeletal warrior)
  6300 | Orc:2    | Noticed a soul eater
  6300 | Orc:2    | Noticed an orc sorcerer
  6301 | Orc:2    | Noticed an orc high priest
  6302 | Orc:2    | Killed an orc sorcerer
  6304 | Orc:2    | Noticed an orc high priest
  6308 | Orc:2    | Killed an orc high priest
  6311 | Orc:2    | Reached XP level 12. HP: 71/95 MP: 22/22
  6313 | Orc:2    | Noticed an orc high priest
  6319 | Orc:2    | Killed an orc high priest
  6330 | Orc:2    | Killed an orc high priest
  6431 | Orc:2    | Found Ozaif's Antique Armour Shoppe.
  6432 | Orc:2    | Found Udogog's Antique Weapon Emporium.
  6433 | Orc:2    | Found Saylu's General Store.
  6433 | Orc:2    | Found Fetz's Jewellery Shoppe.
  6437 | Orc:2    | Bought a scroll of immolation for 49 gold pieces
  6560 | Orc:2    | Bought a pitted hand crossbow for 280 gold pieces
  6560 | Orc:2    | Identified the +5 hand crossbow of the Postmodern Stars
                  | {flame, rPois rC+ Int+6} (You bought it in a shop on level
                  | 2 of the Orcish Mines)
  6577 | Orc:2    | Bought an uncursed ring of wizardry for 360 gold pieces
  6584 | Orc:2    | Learned a level 3 spell: Conjure Flame
  6587 | Orc:2    | Learned a level 2 spell: Slow
  6779 | D:10     | Received a gift from Yredelemnul (a wraith)
  6981 | D:10     | Identified the cursed +1 leather armour of Entitlement
                  | {rElec rC+ Int+4}
  7007 | D:10     | Found Ziguop's Gadget Shop.
  7011 | D:10     | Bought a wand of paralysis (12) for 140 gold pieces
  7084 | D:10     | Found a staircase to the Lair.
  7120 | Lair:1   | Entered Level 1 of the Lair of Beasts
  7531 | Lair:1   | Noticed Urug
  7559 | Lair:1   | Killed Urug
  7630 | Lair:2   | Reached ****** piety under Yredelemnul
  7691 | Lair:2   | Noticed a death yak
  7691 | Lair:2   | Noticed a death yak
  7692 | Lair:2   | Noticed a death yak
  7692 | Lair:2   | Noticed a death yak
  7693 | Lair:2   | Noticed a death yak
  7705 | Lair:2   | Killed a death yak
  7716 | Lair:2   | Killed a death yak
  7729 | Lair:2   | Killed a death yak
  7729 | Lair:2   | Reached skill level 10 in Fighting
  7729 | Lair:2   | Reached skill level 10 in Armour
  7729 | Lair:2   | Reached skill level 10 in Shields
  7729 | Lair:2   | Received a gift from Yredelemnul (a flayed ghost)
  7732 | Lair:2   | Killed a death yak
  7740 | Lair:2   | Killed a death yak
  7796 | Lair:2   | Found a dark tunnel.
  7835 | Lair:2   | Found a staircase to the Snake Pit.
  7951 | Lair:2   | Reached XP level 13. HP: 102/102 MP: 21/24
  8398 | Lair:3   | Noticed Nergalle
  8423 | Lair:3   | Killed Nergalle
  8503 | Lair:3   | Learned a level 2 spell: Passwall
  8816 | Lair:4   | Received a gift from Yredelemnul (a skeletal warrior)
  9075 | Lair:4   | Found a staircase to the Shoals.
  9276 | Shoals:1 | Entered Level 1 of the Shoals
  9350 | Shoals:1 | Received a gift from Yredelemnul (a skeletal warrior)
  9367 | Shoals:1 | Found a transporter.
  9370 | Shoals:1 | Noticed Henefiag's ghost (journeyman CeFi)
  9372 | Shoals:1 | Noticed a merfolk impaler
  9377 | Shoals:1 | Found a transporter.
  9384 | Shoals:1 | Found Zaefeafinu's Food Emporium.
  9389 | Shoals:1 | Noticed a merfolk impaler
  9399 | Shoals:1 | Killed a merfolk impaler
  9558 | Shoals:1 | Got a bound jade amulet
  9912 | Shoals:2 | Noticed a merfolk impaler
  9933 | Shoals:2 | Killed a merfolk impaler
  9973 | Shoals:2 | Noticed a merfolk javelineer
  9984 | Shoals:2 | Killed a merfolk javelineer
 10171 | Shoals:2 | Received a gift from Yredelemnul (a phantasmal warrior)
 10199 | Shoals:2 | Reached XP level 14. HP: 83/110 MP: 20/26
 10286 | Shoals:2 | Identified the amulet of Linearity {+Rage Int+5} (You found
                  | it on level 1 of the Shoals)
 10321 | Shoals:3 | Found Romes's Jewellery Boutique.
 10570 | Shoals:3 | Reached skill level 10 in Polearms
 10651 | Shoals:3 | Got a polished hat
 10681 | Shoals:3 | Bought a cursed amulet of inaccuracy for 34 gold pieces
 10748 | Shoals:4 | Entered Level 4 of the Shoals
 10997 | Shoals:4 | Identified the +4 hat of Dim Light {rC+ rCorr MP+9 Dex-2}
                  | (You found it on level 3 of the Shoals)
 11078 | Shoals:4 | Reached skill level 10 in Invocations
 11083 | Shoals:4 | Received a gift from Yredelemnul (a phantasmal warrior)
 11225 | Shoals:4 | Noticed a stone giant
 11240 | Shoals:4 | Killed a stone giant
 11241 | Shoals:4 | Received a gift from Yredelemnul (a wraith)
 11292 | Shoals:4 | Noticed a stone giant
 11302 | Shoals:4 | Killed a stone giant
 11412 | Shoals:4 | Reached XP level 15. HP: 118/118 MP: 24/28
 11432 | Shoals:4 | Got a barnacled rune of Zot
 11721 | Shoals:4 | Identified a scroll of acquirement
 11722 | Shoals:4 | Got a scorched brass amulet
 11824 | Shoals:4 | Got an iridescent arbalest
 12150 | Shoals:1 | Killed Henefiag's ghost
 12159 | Shoals:1 | Received a gift from Yredelemnul (a ghoul)
 12333 | Lair:2   | Identified the +7 arbalest of Doubt {flame, rF+ Dex+3} (You
                  | found it on level 4 of the Shoals)
 12346 | Lair:2   | Learned a level 4 spell: Fulminant Prism
 12351 | Lair:2   | Learned a level 4 spell: Petrify
 12357 | Lair:2   | Learned a level 5 spell: Borgnjor's Vile Clutch
 12363 | Snake:1  | Entered Level 1 of the Snake Pit
 12828 | Snake:2  | Noticed a nagaraja
 12846 | Snake:2  | Killed a nagaraja
 12889 | Snake:2  | Found an ornate altar of the Wu Jian Council.
 13044 | Snake:2  | Reached skill level 10 in Short Blades
 13044 | Snake:2  | Reached skill level 10 in Long Blades
 13044 | Snake:2  | Reached skill level 10 in Axes
 13044 | Snake:2  | Reached skill level 10 in Maces & Flails
 13044 | Snake:2  | Reached skill level 10 in Staves
 13044 | Snake:2  | Reached skill level 10 in Slings
 13044 | Snake:2  | Reached skill level 10 in Bows
 13044 | Snake:2  | Reached skill level 10 in Crossbows
 13044 | Snake:2  | Reached skill level 10 in Throwing
 13044 | Snake:2  | Reached skill level 10 in Dodging
 13044 | Snake:2  | Reached skill level 10 in Stealth
 13044 | Snake:2  | Reached skill level 10 in Unarmed Combat
 13044 | Snake:2  | Reached skill level 10 in Spellcasting
 13044 | Snake:2  | Reached skill level 10 in Evocations
 13064 | Snake:2  | Upgraded the game from 0.25-a0-71-ge910a4a285 to
                  | 0.25-a0-73-g9796ba8d15
 13072 | Snake:2  | Received a gift from Yredelemnul (a phantasmal warrior)
 13830 | Snake:3  | Noticed a nagaraja
 13842 | Snake:3  | Killed a nagaraja
 14099 | Snake:4  | Entered Level 4 of the Snake Pit
 14137 | Snake:4  | Reached XP level 16. HP: 90/126 MP: 15/30
 14306 | Snake:4  | Noticed a nagaraja
 14341 | Snake:4  | Noticed Aizul
 14362 | Snake:4  | Killed Aizul
 14778 | Snake:4  | Your ally Aizul died
 14999 | Snake:4  | Found a runed translucent door.
 15000 | Snake:4  | Noticed Jabberih's ghost (adept HOMo)
 15260 | Snake:4  | Noticed a nagaraja
 15265 | Snake:4  | Killed a nagaraja
 15305 | Snake:4  | Noticed a nagaraja
 15317 | Snake:4  | Killed a nagaraja
 15358 | Snake:4  | Noticed a nagaraja
 15372 | Snake:4  | Killed a nagaraja
 15378 | Snake:4  | Noticed a nagaraja
 15378 | Snake:4  | Noticed a nagaraja
 15381 | Snake:4  | Noticed Donald
 15405 | Snake:4  | Noticed a nagaraja
 15413 | Snake:4  | Received a gift from Yredelemnul (a bone dragon)
 15419 | Snake:4  | Killed a nagaraja
 15420 | Snake:4  | Killed a nagaraja
 15489 | Snake:4  | Received a gift from Yredelemnul (a skeletal warrior)
 15708 | Snake:4  | Noticed a nagaraja
 15713 | Snake:4  | Killed a nagaraja
 15804 | Snake:4  | Killed Donald
 15806 | Snake:4  | Received a gift from Yredelemnul (a bone dragon)
 15830 | Snake:4  | Noticed a nagaraja
 15858 | Snake:4  | Your ally Donald died
 15867 | Snake:4  | Killed a nagaraja
 15870 | Snake:4  | Killed a nagaraja
 16068 | Snake:4  | Killed a nagaraja
 16068 | Snake:4  | Reached XP level 17. HP: 100/135 MP: 27/32
 16252 | Snake:4  | Got a serpentine rune of Zot
 17065 | D:11     | Received a gift from Yredelemnul (a bone dragon)
 17096 | D:11     | Received a gift from Yredelemnul (a vampire knight)
 17134 | D:11     | Identified the amulet of Ybeisoge {Spirit Str+4} (You found
                  | it on level 4 of the Shoals)
 17896 | D:13     | Received a gift from Yredelemnul (a flayed ghost)
 17925 | D:13     | Found a flagged portal.
 17967 | Bailey   | Entered a bailey
 18460 | D:13     | Found a gate to the Vaults.
 18551 | Vaults:1 | Entered Level 1 of the Vaults
 18760 | Vaults:1 | Received a gift from Yredelemnul (a skeletal warrior)
 19296 | Vaults:1 | Received a gift from Yredelemnul (a vampire knight)
 19480 | Vaults:3 | Reached skill level 10 in Conjurations
 19480 | Vaults:3 | Reached skill level 10 in Hexes
 19480 | Vaults:3 | Reached skill level 10 in Charms
 19480 | Vaults:3 | Reached skill level 10 in Summonings
 19480 | Vaults:3 | Reached skill level 10 in Necromancy
 19480 | Vaults:3 | Reached skill level 10 in Translocations
 19480 | Vaults:3 | Reached skill level 10 in Transmutations
 19480 | Vaults:3 | Reached skill level 10 in Fire Magic
 19480 | Vaults:3 | Reached skill level 10 in Ice Magic
 19480 | Vaults:3 | Reached skill level 10 in Air Magic
 19480 | Vaults:3 | Reached skill level 10 in Earth Magic
 19480 | Vaults:3 | Reached skill level 10 in Poison Magic
 19506 | Vaults:3 | Received a gift from Yredelemnul (a phantasmal warrior)
 19560 | Vaults:3 | Reached XP level 18. HP: 121/143 MP: 20/33
 19592 | Vaults:3 | Noticed Bai Suzhen
 19606 | Vaults:3 | Killed Bai Suzhen
 19687 | Vaults:3 | Received a gift from Yredelemnul (a phantasmal warrior)
 19737 | Vaults:3 | Noticed a titan
 19841 | Vaults:3 | Received a gift from Yredelemnul (a flayed ghost)
 19915 | Vaults:3 | Killed a titan
 19941 | Vaults:3 | Noticed a titan
 19952 | Vaults:3 | Killed a titan
 19967 | Vaults:3 | Received a gift from Yredelemnul (a vampire)
 20358 | Vaults:3 | Received a gift from Yredelemnul (a vampire knight)
 20478 | Vaults:3 | Noticed Xtahua
 20524 | Vaults:3 | Killed Xtahua
 20590 | Vaults:3 | Found a staircase to the Crypt.
 20590 | Vaults:3 | Found an ancient bone altar of Kikubaaqudgha.
 20591 | Vaults:3 | Found a basalt altar of Yredelemnul.
 20686 | Vaults:2 | Learned a level 5 spell: Lee's Rapid Deconstruction
 20691 | Vaults:2 | Learned a level 4 spell: Airstrike
 20709 | Vaults:2 | Received a gift from Yredelemnul (a bone dragon)
 20726 | Vaults:2 | Noticed Saint Roka
 20746 | Vaults:2 | Killed Saint Roka
 20762 | Vaults:2 | Noticed Nikola
 20774 | Vaults:2 | Killed Nikola
 21185 | Vaults:2 | Reached XP level 19. HP: 151/151 MP: 19/35
 21249 | Vaults:2 | Received a gift from Yredelemnul (a bone dragon)
 21835 | Vaults:3 | Upgraded the game from 0.25-a0-73-g9796ba8d15 to
                  | 0.25-a0-80-g9b55229ae5
 22044 | Vaults:4 | Received a gift from Yredelemnul (a vampire knight)
 22317 | Vaults:4 | Found a ruined gateway.
 22393 | Desolati | Entered the Desolation of Salt
 22531 | Desolati | Received a gift from Yredelemnul (a flayed ghost)
 22586 | Desolati | Killed from afar by a crystal guardian

Levels and vault maps discovered:
D:1:      dpeg_arrival_pond, layout_rooms, nrook_mini_vaults
D:2:      layout_basic, nicolae_overflow_hidden_temple
D:3:      layout_basic, minitemple
D:4:      layout_cave_pods, minmay_tree_intersection, uniq_eustachio,
          uniq_crazy_yiuf_cottage, uniq_pikel, uniq_grinder
D:5:      layout_cave_pools, first_ration, serial_rivers,
          chequers_serial_rivers_micro_d, chequers_serial_rivers_micro_b,
          chequers_serial_rivers_micro_b, chequers_serial_rivers_small_b,
          tso_altar
D:6:      gammafunk_wand_slinger, layout_loops_ring,
          minmay_temple_entry_statues_fountains
D:7:      minmay_opposing_rooms, layout_basic, grunt_livestock
D:8:      layout_basic, dancing_weapons_uskayaw, serial_corexii_hall,
          corexii_hall_statues_x, corexii_hall_statues_t, grunt_qazlal_clouds,
          uniq_joseph, uniq_erica, uniq_psyche
D:9:      layout_loops_cross, chequers_serial_rivers_marsh, disabler_island
D:10:     layout_long_grid, david_lair_shrubbed, hiddenorc1_lemuel,
          serial_shops, nicolae_shop_trees
D:11:     layout_basic, eino_house_with_fridge
D:12:     layout_roguey, minivault_5
D:13:     layout_roguey, david_vaults_5, enter_bailey_2, hex_intersection
Lair:1:   layout_regular_city, lemuel_fruit_fields, uniq_urug
Lair:2:   layout_cave_shapes, minmay_snake_entry_guardpost_small,
          enter_volcano_4, gammafunk_lair_bear_cave, serial_bayou_shore_b,
          infiniplex_staircase_pool_2
Lair:3:   layout_cave_pods, uniq_nergalle
Lair:4:   layout_gridlike, minmay_shoals_entry_centaurs
Shoals:1: layout_shoals, gammafunk_ghost_arena, serial_shops, shop
Shoals:2: layout_shoals
Shoals:3: layout_shoals, serial_shops, shop
Shoals:4: shoals_end_simple, layout_shoals, hangedman_shoals_cup_caves
Snake:1:  layout_cave_shapes
Snake:2:  layout_gridlike, basic_altar, st_stairs_8
Snake:3:  layout_concentric_octagons
Snake:4:  johnstein_snake_rune_scales, layout_rooms, ebering_ghost_inner_flame,
          nrook_guardian_serpent_ordinary, grunt_megastairs_3,
          serial_bayou_shore_a, uniq_aizul, uniq_donald
Orc:1:    layout_caves, serial_shops, shop
Orc:2:    st_orc_congregation, layout_diamond_mine, serial_shops, shop
Vaults:1: kb_rosetta, vaults_mumra_hex, vaults_room_stairs_pillars, v_misc_32,
          vaults_room_grunt_arrival_checkpoint, hangedman_vaults_pinch,
          ontoclasm_vaults_loading_screen, nicolae_vaults_yaktaur_gun_rack,
          layout_vaults_omnigrid
Vaults:2: v_misc_16, vaults_room_grunt_arrival_ludios, vaults_room_octagon,
          nicolae_vaults_know_your_exits, nicolae_vaults_triangles,
          grunt_vaults_hallway_short, v_pattern_3, layout_vaults_ring,
          uniq_saint_roka, uniq_nikola
Vaults:3: v_pattern_1, minmay_crypt_entry_necro_gods, vaults_mumra_hexcomb,
          v_rooms_4, v_misc_12, hangedman_vaults_maws, st_check,
          ontoclasm_vaults_eye, nicolae_vaults_asterisk, ontoclasm_vaults_fault,
          nicolae_vaults_theta, layout_vaults_omnibox, uniq_xtahua,
          uniq_bai_suzhen
Vaults:4: vaults_room_ringed_pool, grunt_vaults_swirl, nicolae_vaults_asterisk,
          nicolae_vaults_disjoint_gnomons, grunt_vaults_trifunnel, v_misc_13,
          nicolae_vaults_shelves_hall, v_alt_pattern_1,
          nicolae_vaults_little_squares_1, ontoclasm_vaults_ring_large,
          vaults_mumra_minichess_inversion, hangedman_vaults_stream,
          layout_vaults_maze, portal_desolation_entry_salt
Desolation

Skill      XL: |  1  2  3  4  5  6  7  8  9 10 11 12 13 14 15 16 17 18 19 |
---------------+----------------------------------------------------------+-----
Invocations    | 1 2 3 4 5 6 7 8 9 10 11 12 13 | 13.9
Short Blades   | 1 2 3 4 5 6 7 8 9 10 11 12 | 12.9
Long Blades    | 1 2 3 4 5 6 7 8 9 10 11 12 | 12.9
Axes           | 1 2 3 4 5 6 7 8 9 10 11 12 | 12.9
Maces & Flails | 1 2 3 4 5 6 7 8 9 10 11 12 | 12.9
Staves         | 1 2 3 4 5 6 7 8 9 10 11 12 | 12.9
Slings         | 1 2 3 4 5 6 7 8 9 10 11 12 | 12.9
Bows           | 1 2 3 4 5 6 7 8 9 10 11 12 | 12.9
Crossbows      | 1 2 3 4 5 6 7 8 9 10 11 12 | 12.9
Throwing       | 1 2 3 4 5 6 7 8 9 10 11 12 | 12.9
Dodging        | 1 2 3 4 5 6 7 8 9 10 11 12 | 12.9
Stealth        | 1 2 3 4 5 6 7 8 9 10 11 12 | 12.9
Unarmed Combat | 1 2 3 4 5 6 7 8 9 10 11 12 | 12.9
Spellcasting   | 1 2 3 4 5 6 7 8 9 10 11 12 | 12.9
Evocations     | 1 2 3 4 5 6 7 8 9 10 11 12 | 12.9
Conjurations   | 1 2 3 4 5 6 7 8 9 10 11 | 11.0
Hexes          | 1 2 3 4 5 6 7 8 9 10 11 | 11.0
Charms         | 1 2 3 4 5 6 7 8 9 10 11 | 11.0
Summonings     | 1 2 3 4 5 6 7 8 9 10 11 | 11.0
Necromancy     | 1 2 3 4 5 6 7 8 9 10 11 | 11.0
Translocations | 1 2 3 4 5 6 7 8 9 10 11 | 11.0
Transmutations | 1 2 3 4 5 6 7 8 9 10 11 | 11.0
Fire Magic     | 1 2 3 4 5 6 7 8 9 10 11 | 11.0
Ice Magic      | 1 2 3 4 5 6 7 8 9 10 11 | 11.0
Air Magic      | 1 2 3 4 5 6 7 8 9 10 11 | 11.0
Earth Magic    | 1 2 3 4 5 6 7 8 9 10 11 | 11.0
Poison Magic   | 1 2 3 4 5 6 7 8 9 10 11 | 11.0
Polearms       | 5 6 7 8 9 10 11 12 13 | 13.5
Fighting       | 7 8 9 10 11 12 13 14 | 14.1
Armour         | 7 8 9 10 11 12 13 14 | 14.1
Shields        | 7 8 9 10 11 12 13 14 | 14.1

Action                   |  1- 3 |  4- 6 |  7- 9 | 10-12 | 13-15 | 16-18 | 19-21 || total
-------------------------+-------+-------+-------+-------+-------+-------+-------++-------
Melee: Trident           |    99 |   166 |   108 |   206 |   757 |   767 |   244 ||  2347
       Bite              |     9 |    18 |    62 |    91 |   101 |   110 |    37 ||   428
       Spear             |       |       |   283 |   561 |       |       |       ||   844
       Cutlass           |       |       |       |       |     3 |    16 |       ||    19
 Fire: Hand crossbow     |       |       |       |       |     3 |   208 |    45 ||   256
Throw: Stone             |     2 |     3 |       |       |       |       |       ||     5
       Boomerang         |       |     1 |    24 |     8 |    53 |    49 |       ||   135
       Throwing net      |       |       |     1 |       |       |       |       ||     1
       Dart              |       |       |       |     6 |       |    10 |       ||    16
       Javelin           |       |       |       |       |       |    15 |     1 ||    16
 Cast: Mephitic Cloud    |       |       |     1 |     9 |    63 |    41 |    14 ||   128
       Blink             |       |       |     8 |       |       |    11 |       ||    19
       Conjure Flame     |       |       |       |     2 |     6 |    14 |     1 ||    23
       Passwall          |       |       |       |       |    10 |    48 |       ||    58
       Fulminant Prism   |       |       |       |       |    10 |     3 |       ||    13
       Borgnjor's Vile C |       |       |       |       |     4 |    71 |    21 ||    96
       Lee's Rapid Decon |       |       |       |       |       |       |     9 ||     9
       Petrify           |       |       |       |       |       |       |     2 ||     2
Invok: Animate Remains   |       |       |    14 |       |       |       |       ||    14
       Animate Dead      |       |       |     3 |    51 |    58 |    57 |    16 ||   185
       Recall Undead Sla |       |       |       |     3 |     2 |     2 |     1 ||     8
       Drain Life        |       |       |       |     1 |     6 |     4 |     1 ||    12
       Injury Mirror     |       |       |       |       |     1 |     1 |       ||     2
       Enslave Soul      |       |       |       |       |       |     1 |       ||     1
 Abil: Evoke Invisibilit |       |       |     4 |     2 |     9 |       |     1 ||    16
Evoke: Wand              |       |       |     1 |     7 |    42 |    24 |     2 ||    76
       Box of beasts     |       |       |       |       |       |       |     1 ||     1
  Use: Scroll            |     2 |     3 |     4 |    14 |    14 |    13 |     3 ||    53
       Potion            |       |     3 |     9 |     1 |     2 |     2 |       ||    17
 Stab: Invisible         |       |     2 |    11 |     2 |    35 |     3 |     1 ||    54
       Held in net/web   |       |       |     2 |       |       |       |       ||     2
       Distracted        |       |       |       |    10 |     5 |    10 |     6 ||    31
       Confused          |       |       |       |     9 |    43 |    46 |    14 ||   112
       Paralysed         |       |       |       |       |     4 |     2 |       ||     6
       Sleeping          |       |       |       |       |       |     2 |     1 ||     3
  Eat: Chunk             |       |     2 |    11 |    37 |    45 |    44 |    13 ||   152
       Ration            |       |       |     1 |       |       |     4 |       ||     5
Armor: Scale mail        |    21 |    43 |       |       |       |       |       ||    64
       Skin              |       |    24 |       |       |       |       |       ||    24
       Chain mail        |       |     9 |   109 |   154 |   224 |   181 |    42 ||   719
Dodge: Dodged            |    17 |    38 |    77 |   135 |   251 |   216 |    71 ||   805
Block: Shield            |    29 |    78 |   153 |   249 |   326 |   360 |   114 ||  1309
       Reflection        |       |       |       |       |       |    50 |     3 ||    53

Table legend:
 A = Non-vault XP
 B = Vault XP
 C = Vault XP percentage of total XP
 D = Non-vault monster count
 E = Vault monster count
 F = Vault count percentage of total count
                 A         B        C        D         E       F
            +---------+---------+-------+---------+---------+-------
      Total |  220831 |  169511 |  43.4 |     856 |     445 |  34.2
            +---------+---------+-------+---------+---------+-------
        D:1 |      36 |       0 |   0.0 |      16 |       0 |   0.0
        D:2 |      93 |       0 |   0.0 |      19 |       0 |   0.0
        D:3 |     190 |       0 |   0.0 |      41 |       0 |   0.0
        D:4 |     542 |     523 |  49.1 |      24 |       3 |  11.1
        D:5 |     599 |     309 |  34.0 |      26 |       1 |   3.7
        D:6 |     530 |     606 |  53.3 |      19 |       8 |  29.6
        D:7 |    1087 |    1055 |  49.3 |      42 |       7 |  14.3
        D:8 |     903 |    1018 |  53.0 |      39 |       3 |   7.1
        D:9 |    1245 |       0 |   0.0 |      25 |       0 |   0.0
       D:10 |    2840 |     528 |  15.7 |      29 |      18 |  38.3
       D:11 |    4774 |     829 |  14.8 |      34 |      12 |  26.1
       D:12 |    1588 |       0 |   0.0 |      15 |       0 |   0.0
       D:13 |    4703 |    1928 |  29.1 |      19 |       4 |  17.4
     Lair:1 |    2153 |     688 |  24.2 |      13 |       1 |   7.1
     Lair:2 |    6535 |     824 |  11.2 |      23 |       6 |  20.7
     Lair:3 |    3497 |     612 |  14.9 |      18 |       1 |   5.3
     Lair:4 |    3427 |     261 |   7.1 |      18 |       4 |  18.2
   Shoals:1 |    3624 |    5491 |  60.2 |      12 |      13 |  52.0
   Shoals:2 |   11854 |       0 |   0.0 |      29 |       0 |   0.0
   Shoals:3 |    6416 |     168 |   2.6 |      20 |       1 |   4.8
   Shoals:4 |   10996 |   21037 |  65.7 |      32 |      45 |  58.4
    Snake:1 |    2913 |     637 |  17.9 |       8 |       1 |  11.1
    Snake:2 |   14132 |       0 |   0.0 |      26 |       0 |   0.0
    Snake:3 |   10932 |     621 |   5.4 |      21 |       2 |   8.7
    Snake:4 |   23895 |   33600 |  58.4 |      52 |      72 |  58.1
      Orc:1 |    1254 |       0 |   0.0 |      23 |       0 |   0.0
      Orc:2 |    2980 |    6513 |  68.6 |      27 |      69 |  71.9
   Vaults:1 |   22686 |    8243 |  26.7 |      43 |      13 |  23.2
   Vaults:2 |   15471 |   17190 |  52.6 |      26 |      42 |  61.8
   Vaults:3 |   37218 |   36750 |  49.7 |      82 |      48 |  36.9
   Vaults:4 |   21718 |   15233 |  41.2 |      35 |      29 |  45.3
     Bailey |       0 |    2984 | 100.0 |       0 |      19 | 100.0
 Desolation |       0 |   11863 | 100.0 |       0 |      23 | 100.0
            +---------+---------+-------+---------+---------+-------
